AoeStats
← Antonio ™

African Clearing

504694950Analyzed
4v4 RM · 25d ago on Sep 6, 2026· 55m 33s· 8 players
Game mode
Random Map
Map size
Large (8 player)
Population
200
Speed
Normal
Resources
Standard
Victory
Conquest
Starting age
Dark Age
Ending age
Imperial Age
RankedLock teamsTeams togetherTeam positionsShared explorationLock speedFull tech treeHidden civsTurbo modeCheats
Victory
Defeat
716
+15
🇹🇷 Teutons · Türkiye
708
+15
🇨🇳 Huns · China
681
+16
🇨🇳 Malians · China
560
+22
🇫🇮 Italians · Finland
707
-18
🇮🇹 Persians · Italy
704
-17
🇺🇸 Jurchens · United States
677
-17
🇪🇸 Celts · Spain
675
-16
buraktaylaweb
16:40 Feudal Age
18:04 Wheelbarrow
17:23 Double-Bit Axe
17:23 Horse Collar
19:46 Gold Mining
19:53 Stone Mining
28:06 Castle Age
27:13 Forging
29:24 Hand Cart
29:36 Bow Saw
29:31 Heavy Plow
30:10 Gold Shaft Mining
30:17 Stone Shaft Mining
31:10 Elite Skirmisher
36:09 Iron Casting
35:34 Scale Mail Armor
35:38 Squires
39:27 Padded Archer Armor
44:31 Imperial Age
42:47 Chain Mail Armor
41:55 Pikeman
46:49 Blast Furnace
47:07 Heavy Rocket Cart
48:07 Leather Archer Armor
48:17 Caravan
Antonio ™
4:26 Loom
15:57 Feudal Age
20:22 Castle Age
19:37 Horse Collar
19:46 Double-Bit Axe
25:31 Bow Saw
25:24 Heavy Plow
26:52 Town Watch
29:35 Wheelbarrow
32:30 Hand Cart
32:28 Gold Mining
34:11 Crossbowman
34:57 Thumb Ring
35:06 Fletching
38:14 Imperial Age
37:25 Padded Archer Armor
37:21 Bodkin Arrow
37:25 Murder Holes
38:23 Caravan
38:43 Leather Archer Armor
39:08 Conscription
39:23 Bloodlines
39:14 Husbandry
40:49 Light Cavalry
42:42 Forging
42:38 Scale Barding Armor
43:05 Ring Archer Armor
44:48 Iron Casting
44:34 Chain Barding Armor
45:51 Chemistry
44:37 Elite Skirmisher
46:44 Hussar
Vik
3:57 Loom
15:27 Feudal Age
15:50 Horse Collar
15:58 Double-Bit Axe
18:47 Wheelbarrow
17:58 Town Watch
21:53 Man-at-Arms
22:20 Arson
26:12 Forging
27:01 Gold Mining
27:54 Scale Mail Armor
34:18 Castle Age
34:35 Long Swordsman
34:36 Pikeman
35:01 Gambesons
37:42 Iron Casting
40:34 Gold Shaft Mining
39:50 Stone Mining
40:40 Heavy Plow
43:01 Stone Shaft Mining
43:22 Chain Mail Armor
44:54 Hand Cart
46:30 Town Patrol
47:12 Stronghold
jyri.hyppanen
16:23 Feudal Age
18:28 Wheelbarrow
21:42 Horse Collar
24:46 Castle Age
26:33 Heavy Plow
30:07 Imperial Age
28:04 Double-Bit Axe
29:21 Ballistics
28:58 Murder Holes
28:59 Fletching
29:55 Hand Cart
29:47 Bodkin Arrow
31:06 Bow Saw
32:19 Bracer
32:29 Loom
34:36 Conscription
34:50 Padded Archer Armor
34:50 Gold Mining
34:52 Stone Mining
36:18 Leather Archer Armor
38:15 Elite Genoese Crossbowman
41:12 Ring Archer Armor
41:47 Chemistry
41:00 Masonry
42:45 Stone Shaft Mining
42:46 Thumb Ring
44:16 Architecture
47:53 Two-Man Saw
mobaran
4:11 Loom
6:46 Loom
14:10 Feudal Age
25:18 Castle Age
25:29 Double-Bit Axe
25:38 Stone Mining
25:38 Gold Mining
25:31 Horse Collar
26:37 Bow Saw
26:30 Heavy Plow
27:08 Stone Shaft Mining
27:24 Stone Shaft Mining
32:11 Caravan
32:42 Coinage
32:59 Bloodlines
37:11 Scale Barding Armor
37:07 Scale Mail Armor
37:17 Forging
40:15 Imperial Age
41:47 Wheelbarrow
40:58 Town Watch
41:44 Conscription
40:49 Cavalier
42:26 Banking
44:09 Chain Barding Armor
44:04 Chain Mail Armor
44:25 Iron Casting
45:33 Hand Cart
45:18 Town Patrol
47:32 Paladin
48:55 Plate Barding Armor
48:50 Plate Mail Armor
48:54 Guilds
50:45 Two-Man Saw
50:19 Crop Rotation
52:27 Blast Furnace
吃橘子么
8:18 Loom
15:01 Feudal Age
15:34 Double-Bit Axe
18:50 Horse Collar
25:43 Castle Age
24:50 Stone Mining
25:34 Gold Mining
26:41 Bow Saw
26:32 Heavy Plow
28:11 Stone Shaft Mining
27:49 Town Watch
28:39 Wheelbarrow
28:48 Wheelbarrow
27:59 Town Watch
29:48 Fortified Wall
30:46 Masonry
32:07 Forging
38:26 Imperial Age
37:49 Hand Cart
37:36 Town Patrol
39:09 Iron Casting
38:34 Scale Mail Armor
40:05 Conscription
39:59 Caravan
40:11 Guilds
40:57 Elite Gbeto
42:22 Chain Mail Armor
42:49 Fletching
43:32 Architecture
42:43 Treadmill Crane
43:54 Squires
43:39 Arson
46:25 Hoardings
52:18 Coinage
问就送(暴躁版)
4:35 Loom
16:00 Feudal Age
16:33 Double-Bit Axe
16:39 Horse Collar
17:47 Gold Mining
18:09 Town Watch
20:14 Wheelbarrow
19:51 Arson
20:21 Scale Mail Armor
21:22 Stone Mining
24:49 Castle Age
23:36 Fletching
25:28 Bodkin Arrow
25:52 Chain Mail Armor
26:19 Gold Shaft Mining
26:26 Bow Saw
28:46 Hand Cart
29:47 Squires
30:21 Heavy Plow
31:34 Forging
32:22 Stone Shaft Mining
32:36 Grand Trunk Road
35:11 Iron Casting
36:20 Fervor
36:45 Scale Barding Armor
36:56 Bloodlines
36:47 Husbandry
38:43 Light Cavalry
44:16 Imperial Age
43:21 Chain Barding Armor
44:25 Ballistics
44:01 Murder Holes
45:06 Masonry
46:01 Chemistry
46:43 Blast Furnace
45:21 Heavy Camel Rider
46:46 Plate Barding Armor
48:47 Two-Man Saw
48:51 Bracer
49:33 Conscription
50:12 Imperial Camel Rider
52:10 Siege Engineers
53:39 Hoardings
812508893
15:31 Feudal Age
16:18 Double-Bit Axe
16:16 Horse Collar
21:28 Castle Age
22:26 Bow Saw
22:17 Heavy Plow
24:26 Stone Mining
24:26 Gold Mining
27:08 Gold Shaft Mining
28:57 Wheelbarrow
31:59 Hand Cart
36:51 Imperial Age
35:37 Town Watch
36:57 Forging
36:47 Scale Mail Armor
36:52 Scale Barding Armor
39:06 Iron Casting
38:46 Chain Mail Armor
39:30 Chain Barding Armor
38:48 Elite Tarkan
40:37 Two-Man Saw
39:20 Pikeman
40:00 Squires
39:46 Arson
39:22 Man-at-Arms
40:28 Husbandry
40:38 Bloodlines
39:49 Light Cavalry
40:56 Halberdier
41:45 Marauders
43:47 Blast Furnace
43:23 Plate Barding Armor
44:12 Hussar
44:14 Cavalier
45:49 Caravan
45:58 Fletching
46:08 Padded Archer Armor
Connection lost

Rejoining the realm…

Still unreachable

The connection could not be restored.

Session expired

The server has moved on; the page needs a fresh start.